 Dungeon Crawl Stone Soup version 0.20-a0-2-g2b0e13a (console) character file.

207 brucemayne the Basher (level 5, -11/54 HPs)
             Began as an Ogre Berserker on Oct 28, 2016.
             Was a Follower of Trog.
             Killed from afar by Ijyb (18 damage)
             ... with a wand of lightning
             ... on level 2 of the Dungeon.
             The game lasted 00:01:53 (531 turns).

brucemayne the Basher (Ogre Berserker)               Turns: 531, Time: 00:01:53

Health: -11/54     AC:  3    Str: 22    XL:     5   Next: 85%
Magic:  5/5        EV: 10    Int:  6    God:    Trog [*.....]
Gold:   64         SH:  0    Dex: 10    Spells: 0 memorised, 4 levels left

rFire  . . .     SeeInvis .     a - +0 mace
rCold  . . .     Gourm    .     b - +0 animal skin
rNeg   . . .     Faith    .     (no shield)
rPois  .         Spirit   .     (helmet restricted)
rElec  .         Reflect  .     (no cloak)
rCorr  .         Harm     .     (gloves unavailable)
MR     .....                    (boots unavailable)
Stlth  +.........               (no amulet)
                                (no ring)
                                (no ring)

@: no status effects
A: unfitting armour, tough skin 1
a: Berserk, Burn Spellbooks, Renounce Religion


You were on level 2 of the Dungeon.
You worshipped Trog.
Trog was aware of your devotion.
You were not hungry.

You visited 1 branch of the dungeon, and saw 2 of its levels.

You collected 64 gold pieces.

Inventory:

Hand Weapons
 a - a +0 mace (weapon)
Missiles
 f - 12 poisoned needles
Armour
 b - a +0 animal skin (worn)
Scrolls
 d - 2 scrolls of identify {unknown}
 e - a scroll of noise {unknown}
 g - a scroll of remove curse {unknown}
 i - a scroll of fog {unknown}
Potions
 h - a potion of cure mutation
 j - a potion of cancellation {unknown}
 k - a potion of lignification {unknown}
 m - a potion of berserk rage {unknown}
Comestibles
 c - a bread ration
 l - 5 chunks of flesh


   Skills:
 - Level 4.0 Fighting
 + Level 8.3 Maces & Flails
 - Level 2.6 Dodging


You had 4 spell levels left.
You didn't know any spells.

Dungeon Overview and Level Annotations

Branches:
Dungeon (2/15)

Altars:

Annotations:
D:2 Ijyb


Innate Abilities, Weirdness & Mutations

You are too large for most types of armour.
You have tough skin. (AC +1)


Message History

The quokka bites you.
* * * LOW HITPOINT WARNING * * *
You closely miss the quokka.
The quokka is almost dead.
The quokka bites you.
* * * LOW HITPOINT WARNING * * *
You barely miss the quokka.
The quokka is severely wounded.
The quokka bites you.
* * * LOW HITPOINT WARNING * * *
You hit the quokka.
You kill the quokka!
Trog accepts your kill.
You see here a quokka corpse.
You butcher the quokka corpse.
l - 5 chunks of flesh (gained 2) Ijyb the Twisted Goblin comes into view.
Ijyb shouts!
Ijyb zaps a wand.
The bolt of lightning hits you!
You die...

g# . #.# .#. #.# ##.#.
#.# #... #.# #..# #.# ###
#..# # #.##...###..#.##
######.#.###.##@....#####
#...÷........##.##>......
#.######.#...##.###......
#.# ##...........# # #.#
##.########## #.#
#......... #÷# #.#...#...
#.# #......... #.#
#.#...#...


You could see Ijyb.

Vanquished Creatures
  Sigmund (D:2)
  3 adders (D:2)
  An ooze (D:1)
  A worm (D:1)
  2 leopard geckos
  A giant cockroach (D:1)
  A kobold (D:1)
  A quokka (D:2)
  A frilled lizard (D:1)
  3 goblins
15 creatures vanquished.

Notes
Turn   | Place    | Note
-------+----------+-------------------------------------------
     0 | D:1      | brucemayne the Ogre Berserker began the quest for the Orb.
     0 | D:1      | Reached XP level 1. HP: 24/24 MP: 1/1
   121 | D:2      | Reached XP level 2. HP: 32/32 MP: 2/2
   159 | D:1      | Reached skill level 5 in Maces & Flails
   223 | D:2      | Reached XP level 3. HP: 39/39 MP: 3/3
   229 | D:2      | Noticed Sigmund
   418 | D:2      | Killed Sigmund
   418 | D:2      | Reached skill level 8 in Maces & Flails
   418 | D:2      | Reached XP level 4. HP: 44/48 MP: 4/4
   418 | D:2      | Reached XP level 5. HP: 50/54 MP: 5/5
   531 | D:2      | Noticed Ijyb
   531 | D:2      | Killed from afar by Ijyb

Vault maps used:
D:1:      dpeg_arrival_triangle_fractal
D:2:      lemuel_coloured_pillars_altar, uniq_sigmund, uniq_iyjb

Skill      XL: |  1  2  3 |
---------------+----------+-----
Maces & Flails | 5 8 |  8.3
Fighting       | |  4.0
Dodging        | |  2.6

Action                   |  1- 3 |  4- 6 || total
-------------------------+-------+-------++-------
Melee: Mace              |    39 |    25 ||    64
Invok: Berserk           |     4 |       ||     4
  Use: Potion            |     1 |       ||     1
  Eat: Chunk             |     1 |     1 ||     2
Armor: Animal skin       |     9 |     3 ||    12
Dodge: Dodged            |    23 |    12 ||    35
